 Dungeon Crawl Stone Soup version 0.20.1-1-g8b1a95d (webtiles) character file.

180 Genthar the Skirmisher (level 5, -3/47 HPs)
             Began as a Draconian Berserker on Nov 9, 2017.
             Was a Believer of Trog.
             Slain by an orc
             ... wielding a +0 flail
              (5 damage)
             ... on level 3 of the Dungeon.
             The game lasted 00:21:22 (2800 turns).

Genthar the Skirmisher (Draconian Berserker)        Turns: 2800, Time: 00:21:22

Health: -3/47      AC:  5    Str: 19 (20) XL:     5   Next: 33%
Magic:  4/4        EV: 13    Int: 11 (13) God:    Trog [**....]
Gold:   117        SH:  0    Dex: 10      Spells: 4/4 levels left

rFire    . . .     SeeInvis .   f - +2 whip (venom)
rCold    . . .     Gourm    .   (no shield)
rNeg     . . .     Faith    .   (armour unavailable)
rPois    .         Spirit   .   (helmet restricted)
rElec    .         Reflect  .   (no cloak)
rCorr    .         Harm     .   (no gloves)
MR       +....                  (no boots)
Stlth    +.........             (no amulet)
Regen    0.2/turn               (no ring)
MPRegen  0.1/turn               (no ring)

@: brilliant
A: unfitting armour, low mp 1, magic resistance 1, cold-blooded, AC +5
a: Berserk, Trog's Hand, Burn Spellbooks, Renounce Religion


You were on level 3 of the Dungeon.
You worshipped Trog.
Trog was pleased with you.
You were not hungry.

You visited 1 branch of the dungeon, and saw 3 of its levels.

You collected 117 gold pieces.

Inventory:

Hand Weapons
 a - a +0 spear
 f - a +2 whip of venom (weapon)
 k - a +0 club
 m - a +0 whip
 n - a +0 short sword
 o - a +0 club
 p - a +0 spear
 q - a +0 short sword
 r - a +0 dagger
 y - a +0 club
 C - a cursed -3 club
 F - a +0 club
 G - a +0 club
 I - a +0 hand axe
Missiles
 c - 4 silver javelins (quivered)
 l - 47 bolts
 x - 74 stones
 A - 3 curare-tipped needles
Armour
 g - a +0 robe
 j - a +0 robe
 B - a +0 buckler
 D - a +0 leather armour
Scrolls
 d - 4 scrolls of identify {unknown}
 e - a scroll of noise {unknown}
 s - a scroll of recharging {unknown}
 u - a scroll of amnesia {unknown}
 v - a scroll of fear {unknown}
 w - 2 scrolls of random uselessness {unknown}
Potions
 t - 2 potions of brilliance
Comestibles
 b - a bread ration
 z - a royal jelly
 H - 3 chunks of flesh


   Skills:
 + Level 4.3 Fighting
 + Level 1.8 Maces & Flails
 + Level 4.0 Polearms
 + Level 3.6 Dodging
 + Level 1.0 Stealth


You had 4 spell levels left.
You didn't know any spells.

Dungeon Overview and Level Annotations

Branches:
Dungeon (3/15)

Altars:


Innate Abilities, Weirdness & Mutations

Your plain brown scales are hard. (AC +5)
You cannot fit into any form of body armour.
You are cold-blooded and may be slowed by cold attacks.
Your magical capacity is low. (-10% MP)
You are resistant to hostile enchantments. (MR+)


Message History

Lentar's ghost hits you.
* * * LOW HITPOINT WARNING * * *
There are no items here.
It was a potion of mutation.
You feel extremely strange.
You feel less energetic.
You feel resistant to hostile enchantments.
Lentar's ghost closely misses you.
You hit Lentar's ghost.
You destroy Lentar's ghost!
Trog accepts your kill.
You feel your strength returning.
You feel your intelligence returning.
You feel your dexterity returning.
Your Fighting skill increases to level 4!
Your Polearms skill increases to level 4!
You have reached level 5!
The orc hits you with a flail.
* * * LOW HITPOINT WARNING * * *
You closely miss the orc. You closely miss the orc.
The orc hits you with a flail.
You die...

### #.. #.##########
#.#...#....# #.#.#.#.##.#
# #####.#<#.#.##.##.#
#.....###.........#
####......####@####
#.<#.###### ##o###
##....# #....#
#.....#######....#
####........#....######
#...........+.....>...#
#...........#.>..#.####
..............#....#.####
..............#....#....#


You could see an orc.

Vanquished Creatures
  The ghost of Lentar the Skirmisher, an amateur HuWn (D:3)
  4 adders (D:2)
  4 worms
  3 dart slugs (D:2)
  A leopard gecko (D:2)
  6 bats
  4 giant cockroaches
  3 goblins (D:2)
  5 hobgoblins
  7 kobolds
  2 ball pythons (D:2)
  A frilled lizard (D:3)
  5 rats
46 creatures vanquished.

Notes
Turn   | Place    | Note
-------+----------+-------------------------------------------
     0 | D:1      | Genthar the Draconian Berserker began the quest for the Orb.
     0 | D:1      | Reached XP level 1. HP: 19/19 MP: 1/1
   797 | D:1      | Reached XP level 2. HP: 26/26 MP: 2/2
  1571 | D:2      | Reached XP level 3. HP: 29/31 MP: 3/3
  1752 | D:2      | Reached ** piety under Trog
  1810 | D:2      | Reached skill level 1 in Stealth
  2051 | D:2      | Reached XP level 4. HP: 40/40 MP: 4/4
  2234 | D:2      | Reached skill level 1 in Maces & Flails
  2747 | D:3      | Noticed Lentar's ghost (amateur HuWn)
  2797 | D:3      | Gained mutation: Your magical capacity is low. (-10% MP) [potion of mutation]
  2797 | D:3      | Gained mutation: You are resistant to hostile enchantments. (MR+) [potion of mutation]
  2798 | D:3      | Killed Lentar's ghost
  2798 | D:3      | Reached XP level 5. HP: 4/47 MP: 4/4
  2798 | D:3      | HP: 1/47 [orc/flail (3)]
  2800 | D:3      | Slain by an orc

Skill      XL: |  1  2  3  4 |
---------------+-------------+-----
Dodging        | 3 |  3.6
Stealth        | 1 |  1.0
Maces & Flails | 1 |  1.8
Fighting       | 4 |  4.3
Polearms       | 4 |  4.0

Action                   |  1- 3 |  4- 6 || total
-------------------------+-------+-------++-------
Melee: Spear             |    74 |       ||    74
       Tailslap          |    15 |    10 ||    25
       Whip              |    31 |    52 ||    83
Invok: Berserk           |     1 |       ||     1
  Use: Potion            |       |     4 ||     4
 Stab: Sleeping          |     1 |       ||     1
  Eat: Chunk             |     1 |     1 ||     2
       Bread ration      |     1 |       ||     1
Armor: Skin              |    29 |    14 ||    43
Dodge: Dodged            |    80 |    32 ||   112
